 Dungeon Crawl Stone Soup version 0.24.0-10-g970556be89 (webtiles) character file.

Game seed: 1681103133662160183, levelgen mode: deterministic

248 Delamore the Chopper (level 6, 0/56 HPs)
             Began as a Hill Orc Monk on Nov 4, 2019.
             Killed from afar by Ijyb (4 damage)
             ... with a puff of flame
             ... on level 3 of the Dungeon.
             The game lasted 00:07:14 (3495 turns).

Delamore the Chopper (Hill Orc Monk)                Turns: 3495, Time: 00:07:14

Health: 0/56       AC:  7    Str: 14 (16) XL:     6   Next: 12%
Magic:  6/6        EV: 11    Int:  9 (10) God:
Gold:   71         SH:  0    Dex: 10 (13) Spells: 5/5 levels left

rFire    + . .     SeeInvis .   a - +0 hand axe
rCold    + + .     Gourm    .   (no shield)
rNeg     . . .     Faith    .   n - +0 ring mail {rC+}
rPois    +         Spirit   .   (no helmet)
rElec    +         Reflect  .   (no cloak)
rCorr    +         Harm     .   g - +1 pair of gloves
MR       .....                  (no boots)
Stlth    +.........             m - amulet of inaccuracy (curse)
HPRegen  0.18/turn              (no ring)
MPRegen  0.10/turn              (no ring)

@: resistant
A: no striking features
a: no special abilities


You were on level 3 of the Dungeon.
You were not hungry.

You visited 1 branch of the dungeon, and saw 3 of its levels.

You collected 71 gold pieces.

Inventory:

Hand Weapons
 a - a +0 hand axe (weapon)
Missiles
 o - 3 poisoned darts (quivered)
Armour
 g - a +1 pair of gloves (worn)
 n - a +0 ring mail of cold resistance (worn)
Jewellery
 m - a cursed amulet of inaccuracy (around neck)
Scrolls
 b - 2 scrolls of identify
 e - 2 scrolls of teleportation
 f - a scroll of amnesia
 h - a scroll of remove curse {unknown}
Potions
 d - a potion of curing
 p - a potion of brilliance {unknown}
Comestibles
 c - 4 rations


   Skills:
 + Level 5.0 Fighting
 + Level 7.1 Axes
 + Level 0.4 Throwing
 - Level 1.2 Armour
 - Level 2.8 Dodging
 - Level 1.6 Stealth


You had 5 spell levels left.
You didn't know any spells.
Your spell library was empty.

Dungeon Overview and Level Annotations

Branches:
Dungeon (3/15)

Altars:

Annotations:
D:3 Ijyb


Message History

Ijyb is severely wounded.
Ijyb barely misses you.
You completely miss Ijyb.
Ijyb is severely wounded.
Ijyb screams, "I dance on your bones!" Ijyb hits you but does no damage.
Your ring mail prevents you from hitting Ijyb.
Ijyb is severely wounded.
Ijyb zaps a wand.
The puff of flame hits you!
* * * LOW HITPOINT WARNING * * *
It was a potion of degeneration.
There was something very wrong with that liquid.
You feel weakened.
You feel dopey.
You feel clumsy. Ijyb hits you with a +0 dagger.
* * * LOW HITPOINT WARNING * * *
It was a potion of resistance.
You feel protected.
Ijyb looks more healthy.
Ijyb zaps a wand.
The puff of flame hits you. You resist.
You die...

#...##+##........
#................
##..8.....8.......
#..#..8.8.........
#.###.......♣.....
#.# ##.##.........
#.# #....[)..>.♣.
###.## ######.......
#..@.# #####..♣.....
#..g.#..............
#....#..............
#....#.........)....
#.?(.#........†.....
#....#...>..........
#...................
#..(.####...........
##..........


You could see Ijyb.

Vanquished Creatures
  An ogre (D:3)
  Terence (D:2)
  5 adders
  An ooze (D:2)
  3 worms (D:2)
  2 dart slugs
  9 orcs (D:3)
  6 bats
  5 giant cockroaches
  7 goblins
  4 hobgoblins
  4 jackals (D:1)
  5 kobolds
  3 quokkas (D:2)
  2 ball pythons
  4 frilled lizards (D:1)
  4 rats
66 creatures vanquished.

Notes
Turn   | Place    | Note
-------+----------+-------------------------------------------
     0 | D:1      | Delamore the Hill Orc Monk began the quest for the Orb.
     0 | D:1      | Reached XP level 1. HP: 19/19 MP: 1/1
    85 | D:1      | Reached XP level 2. HP: 19/27 MP: 2/2
   544 | D:1      | Reached XP level 3. HP: 26/33 MP: 3/3
  1514 | D:2      | Reached skill level 1 in Armour
  1759 | D:2      | Reached skill level 5 in Axes
  1759 | D:2      | Reached XP level 4. HP: 40/40 MP: 4/4
  2100 | D:2      | Noticed Terence
  2111 | D:2      | Killed Terence
  2946 | D:3      | Reached XP level 5. HP: 45/47 MP: 5/5
  2954 | D:3      | Reached skill level 6 in Axes
  2976 | D:3      | Noticed an ogre
  3002 | D:3      | Killed an ogre
  3002 | D:3      | Reached XP level 6. HP: 31/55 MP: 6/6
  3195 | D:3      | Reached skill level 5 in Fighting
  3225 | D:3      | Reached skill level 7 in Axes
  3448 | D:3      | Noticed Ijyb
  3495 | D:3      | Killed from afar by Ijyb

Levels and vault maps discovered:
D:1:      minmay_arrival_three_doors, layout_basic
D:2:      layout_basic, uniq_terence
D:3:      layout_rooms, zin_statuary, grunt_ministairs_1, minmay_box_of_dots,
          uniq_ijyb

Skill      XL: |  1  2  3  4  5  6 |
---------------+-------------------+-----
Fighting       | 4 5 |  5.0
Armour         | 1 |  1.2
Axes           | 5 6 7 |  7.1
Throwing       | |  0.4
Dodging        | |  2.8
Stealth        | |  1.6

Action                   |  1- 3 |  4- 6 || total
-------------------------+-------+-------++-------
Melee: Hand axe          |   143 |   222 ||   365
Throw: Dart              |       |     9 ||     9
  Use: Scroll            |     1 |     6 ||     7
       Potion            |     1 |     2 ||     3
 Stab: Sleeping          |     1 |       ||     1
       Invisible         |       |     2 ||     2
  Eat: Chunk             |     3 |     2 ||     5
       Ration            |       |     1 ||     1
Armor: Robe              |    11 |       ||    11
       Ring mail         |    41 |    78 ||   119
Dodge: Dodged            |    98 |   116 ||   214
